AoeStats
← gazza17

Fortified Clearing

517656987Analyzed
4v4 RM · 6d ago on Oct 31, 2026· 62m 29s· 8 players
Game mode
Random Map
Map size
Large (8 player)
Population
200
Speed
Normal
Resources
Standard
Victory
Conquest
Starting age
Dark Age
Ending age
Imperial Age
RankedLock teamsTeams togetherTeam positionsShared explorationLock speedFull tech treeHidden civsTurbo modeCheats
Victory
Defeat
🇮🇳 Mapuche · India
1063
+11
🇨🇳 Armenians · China
1041
+12
🇮🇩 Burgundians · Indonesia
943
+16
🇮🇳 Slavs · India
868
+20
vs
🇲🇿 Teutons · Mozambique
985
-16
🇬🇧 Varangians · United Kingdom
968
-15
🇮🇳 Mongols · India
964
-15
🇮🇹 Turks · Italy
900
-13
slimshady7177
10:46 Feudal Age
11:20 Double-Bit Axe
17:08 Loom
19:39 Castle Age
17:46 Stone Mining
17:42 Horse Collar
19:10 Man-at-Arms
19:56 Scale Mail Armor
20:44 Long Swordsman
32:57 Caravan
34:29 Forging
38:37 Gold Mining
40:27 Wheelbarrow
40:06 Bow Saw
44:22 Imperial Age
46:15 Gold Shaft Mining
46:11 Hand Cart
47:30 Conscription
47:28 Squires
I MAKE MEN
10:56 Feudal Age
17:31 Castle Age
15:18 Loom
17:31 Double-Bit Axe
17:29 Horse Collar
18:10 Loom
23:11 Bow Saw
23:04 Heavy Plow
24:46 Wheelbarrow
24:27 Gold Mining
24:27 Stone Mining
25:06 Town Watch
27:14 Stone Shaft Mining
27:25 Gold Shaft Mining
33:55 Imperial Age
33:03 Hand Cart
32:41 Fletching
32:52 Padded Archer Armor
33:15 Ballistics
34:16 Bodkin Arrow
34:36 Leather Archer Armor
35:05 Town Patrol
35:07 Bracer
36:23 Stone Shaft Mining
37:51 Hoardings
37:55 Elite Mangudai
39:50 Nomads
40:16 Conscription
42:14 Chemistry
41:45 Parthian Tactics
41:25 Thumb Ring
47:35 Scale Barding Armor
47:41 Forging
47:44 Fortified Wall
47:31 Murder Holes
47:55 Fortified Wall
48:37 Guard Tower
49:49 Bloodlines
49:40 Husbandry
49:02 Heavy Camel Rider
gazza17
13:02 Feudal Age
12:15 Loom
18:00 Double-Bit Axe
21:44 Castle Age
21:00 Gold Mining
21:22 Fletching
21:41 Horse Collar
22:26 Scale Mail Armor
22:37 Forging
30:22 Wheelbarrow
30:28 Bow Saw
31:02 Forging
31:21 Heavy Plow
35:47 Chain Mail Armor
36:08 Iron Casting
36:14 Stone Mining
39:13 Imperial Age
37:02 Hand Cart
40:57 Plate Mail Armor
41:27 Blast Furnace
41:22 Elite Varangian Guard
Anti_Moz-Diablo
0:28 Loom
12:18 Feudal Age
16:55 Castle Age
15:54 Horse Collar
16:08 Gold Mining
16:53 Double-Bit Axe
18:16 Wheelbarrow
19:58 Bow Saw
21:37 Heavy Plow
24:10 Town Watch
26:54 Scale Barding Armor
27:01 Forging
27:30 Caravan
27:21 Pikeman
28:56 Chain Barding Armor
32:37 Imperial Age
31:56 Iron Casting
31:33 Bloodlines
33:56 Conscription
33:56 Cavalier
36:10 Hoardings
36:23 Scale Mail Armor
37:44 Plate Barding Armor
37:48 Paladin
40:35 Blast Furnace
43:26 Chain Mail Armor
46:04 Plate Mail Armor
45:40 Squires
46:00 Stone Mining
Cuddalore Gamer
0:58 Loom
10:47 Feudal Age
16:27 Castle Age
16:44 Double-Bit Axe
16:55 Pikeman
19:36 Elite Skirmisher
20:54 Forging
20:46 Scale Mail Armor
21:26 Padded Archer Armor
22:12 Fletching
22:45 Horse Collar
25:06 Wheelbarrow
25:41 Bow Saw
26:08 Bodkin Arrow
26:25 Heavy Plow
27:13 Leather Archer Armor
27:19 Stone Mining
27:55 Gold Mining
29:41 Wheelbarrow
32:02 Hand Cart
36:29 Imperial Age
34:36 Iron Casting
35:49 Malon
36:11 Chain Mail Armor
37:44 Halberdier
40:11 Blast Furnace
41:15 Plate Mail Armor
45:06 Ballistics
45:19 Ring Archer Armor
46:33 Chemistry
49:11 Conscription
48:56 Butalmapu
50:08 Elite Kona
53:49 Hoardings
55:33 Gold Shaft Mining
61:21 Elite Bolas Rider
62:14 Spies/Treason
rok
0:51 Loom
13:22 Feudal Age
14:25 Feudal Age
15:03 Horse Collar
17:43 Double-Bit Axe
21:23 Gold Mining
21:28 Stone Mining
24:09 Castle Age
25:41 Wheelbarrow
25:25 Heavy Plow
25:39 Bow Saw
25:34 Scale Mail Armor
25:46 Forging
25:23 Pikeman
26:09 Squires
25:54 Man-at-Arms
27:20 Chain Mail Armor
27:43 Iron Casting
29:52 Long Swordsman
35:04 Detinets
35:50 Hand Cart
35:33 Pikeman
36:51 Gold Shaft Mining
39:50 Imperial Age
39:53 Town Watch
41:18 Crop Rotation
40:17 Two-Handed Swordsman
40:20 Halberdier
41:48 Champion
42:45 Druzhina
43:06 Conscription
44:42 Plate Mail Armor
47:00 Blast Furnace
51:45 Chemistry
51:06 Ballistics
59:47 Murder Holes
60:06 Town Patrol
Lord Desolus
0:40 Loom
9:50 Feudal Age
17:08 Castle Age
15:17 Double-Bit Axe
15:48 Stone Mining
17:05 Stone Shaft Mining
16:39 Gold Mining
16:47 Horse Collar
18:11 Wheelbarrow
18:07 Bow Saw
18:29 Heavy Plow
24:00 Town Watch
25:28 Gold Shaft Mining
26:35 Burgundian Vineyards
28:48 Two-Man Saw
29:26 Husbandry
29:59 Crop Rotation
29:47 Hand Cart
30:44 Forging
35:39 Imperial Age
33:13 Town Patrol
33:40 Scale Barding Armor
34:50 Fortified Wall
35:48 Pikeman
36:28 Squires
35:52 Elite Skirmisher
37:38 Chemistry
37:00 Conscription
36:33 Elite Coustillier
38:35 Light Cavalry
39:08 Halberdier
39:10 Hussar
43:08 Hoardings
42:49 Padded Archer Armor
44:07 Guilds
43:58 Caravan
45:07 Iron Casting
44:33 Scale Mail Armor
44:50 Leather Archer Armor
44:26 Fletching
44:57 Chain Barding Armor
45:17 Ballistics
45:56 Coinage
46:32 Bodkin Arrow
47:40 Blast Furnace
47:24 Man-at-Arms
50:15 Bracer
50:31 Chain Mail Armor
50:52 Plate Barding Armor
52:17 Plate Mail Armor
54:31 Masonry
54:01 Treadmill Crane
54:17 Murder Holes
54:43 Bombard Tower
54:23 Long Swordsman
54:50 Arson
59:09 Spies/Treason
62:34 Architecture
Faust
6:41 Loom
10:04 Feudal Age
10:06 Man-at-Arms
11:03 Long Swordsman
13:02 Arson
13:40 Double-Bit Axe
16:09 Scale Mail Armor
21:58 Castle Age
21:40 Padded Archer Armor
21:30 Fletching
22:08 Horse Collar
24:10 Leather Archer Armor
23:53 Bodkin Arrow
24:13 Bow Saw
26:19 Gambesons
27:07 Stone Mining
28:28 Gold Mining
33:54 Imperial Age
31:34 Squires
32:31 Two-Handed Swordsman
33:34 Chain Mail Armor
34:02 Gold Shaft Mining
33:55 Elite Skirmisher
35:15 Champion
36:17 Forging
37:15 Wheelbarrow
36:35 Elite Composite Bowman
37:25 Fereters
45:41 Iron Casting
45:36 Plate Mail Armor
45:38 Ring Archer Armor
45:08 Bracer
48:33 Blast Furnace
Connection lost

Rejoining the realm…

Still unreachable

The connection could not be restored.

Session expired

The server has moved on; the page needs a fresh start.